 Dungeon Crawl Stone Soup version 0.25.0-9-g26727b657a (webtiles) character file.

Game seed: 1815585228210792991

93 braks the Ruffian (level 4, 0/38 HPs)
             Began as a Draconian Transmuter on June 17, 2020.
             Splashed by a goblin's acid (16 damage)
             ... on level 3 of the Dungeon.
             The game lasted 00:02:47 (2696 turns).

braks the Ruffian (Draconian Transmuter)            Turns: 2696, Time: 00:02:48

Health: 0/38       AC:  6    Str: 13    XL:     4   Next: 36%
Magic:  5/7        EV: 12    Int: 14    God:
Gold:   139        SH:  0    Dex: 11    Spells: 1/7 levels left

rFire    . . .     SeeInvis .     - Unarmed
rCold    . . .     Gourm    .   (no shield)
rNeg     . . .     Faith    .   (armour unavailable)
rPois    .         Spirit   .   (helmet restricted)
rElec    .         Reflect  .   (no cloak)
rCorr    .         Harm     .   f - +0 pair of gloves
MR       .....                  (boots currently unavailable)
Stlth    +.........             (no amulet)
HPRegen  0.12/turn              (no ring)
MPRegen  0.10/turn              (no ring)

@: appendage
A: unfitting armour, talons 3, cold-blooded, AC +5
a: End Transformation


You were on level 3 of the Dungeon.
You were not hungry.
You had grown temporary talons.
You visited 1 branch of the dungeon, and saw 3 of its levels.

You collected 139 gold pieces.


Innate Abilities, Weirdness & Mutations

Your plain brown scales are hard. (AC +5)
You cannot fit into any form of body armour.
You are cold-blooded and may be slowed by cold attacks.
You have claws for feet.


   Skills:
 + Level 3.3 Fighting
 - Level 1.7 Dodging
 + Level 4.2 Unarmed Combat
 - Level 2.0 Spellcasting
 - Level 2.0 Transmutations


You had one spell level left.
You knew the following spells:

 Your Spells              Type           Power        Failure   Level  Hunger
a - Beastly Appendage     Tmut           #.....       11%         1    ##.....
b - Sticks to Snakes      Tmut           #.......     16%         2    ###....
c - Spider Form           Tmut/Pois      #.........   43%         3    ####...

Your spell library contained the following spells:

 Spells                   Type           Power        Failure   Level  Hunger
 Ice Form                 Ice/Tmut       #.......     83%         4    #####..
 Blade Hands              Tmut           #.........   96%         5    ######.

Inventory:

Missiles
 a - 48 arrows
Armour
 f - a +0 pair of gloves (worn)
Jewellery
 j - an uncursed ring of positive energy {unknown}
Scrolls
 h - 3 scrolls of enchant armour {unknown}
 i - 3 scrolls of teleportation {unknown}
 l - 2 scrolls of identify {unknown}
 m - a scroll of fear {unknown}
 n - a scroll of remove curse {unknown}
Potions
 d - a potion of might {unknown}
 e - a potion of degeneration {unknown}
 g - 2 potions of curing {unknown}
 k - a potion of haste {unknown}
Comestibles
 c - 5 rations


Message History

The adder barely misses you. The adder bites you but does no damage.
The adder barely misses you.
Your feet morph into talons.
Your transformation is almost over.
The adder closely misses you.
You now have 6/7 mp.
You hit the adder. You claw the adder, but do no damage.
The adder bites you but does no damage.
You extend your transformation's duration.
The adder closely misses you.
You now have 5/7 mp.
You hit the adder but do no damage. You claw the adder.
You kill the adder!
You closely miss the goblin.
Your tail-slap misses the goblin.
The goblin barely misses you.
You closely miss the goblin.
The goblin zaps a wand.
The bolt of acid hits you!
You are splashed with acid!
You die...

#.##.##################.###.#.#
#.##.####### #.#...#
#.##.......# #.....#
#.########.# ##....#.## #.# #.#
#....#... #.# #####.# ##...#...
#.# #..รท..# #.#.#... #.#
#.....##############.......
#.........@g....#..........
#....##########.#..........
#....# #............ #....#
#######..#... #....# .......<##
+...... ........... ######.
..........## . .......#..#
.......#..#


You could see a goblin.

Vanquished Creatures
  2 adders
  An ooze (D:1)
  5 worms
  3 dart slugs
  3 leopard geckos
  A giant cockroach (D:1)
  5 goblins
  4 hobgoblins
  9 kobolds
  A quokka (D:2)
  7 bats
  A frilled lizard (D:1)
  6 rats
48 creatures vanquished.

Notes
Turn   | Place    | Note
-------+----------+-------------------------------------------
     0 | D:1      | braks the Draconian Transmuter began the quest for the Orb.
     0 | D:1      | Reached XP level 1. HP: 16/16 MP: 3/3
   159 | D:1      | Reached XP level 2. HP: 12/24 MP: 3/5
   854 | D:1      | Reached XP level 3. HP: 24/30 MP: 4/6
  1238 | D:2      | Learned a level 2 spell: Sticks to Snakes
  1242 | D:2      | Learned a level 3 spell: Spider Form
  1652 | D:2      | Reached skill level 4 in Unarmed Combat
  1784 | D:2      | Found an opulent altar of Gozag.
  1930 | D:2      | Reached skill level 3 in Fighting
  2108 | D:2      | Reached XP level 4. HP: 34/38 MP: 7/7
  2696 | D:3      | Splashed by a goblin's acid

Levels and vault maps discovered:
D:1:      minmay_arrival_diagonal_passages, layout_loops_ring
D:2:      layout_loops_ring, grunt_gozag_breadcrumbs
D:3:      layout_basic

Action                   |  1- 3 |  4- 6 || total
-------------------------+-------+-------++-------
Melee: Unarmed           |   122 |    43 ||   165
       Tailslap          |    14 |     3 ||    17
       Kick              |    15 |     4 ||    19
       Headbutt          |     9 |     2 ||    11
       Punch             |     3 |       ||     3
 Cast: Beastly Appendage |    21 |     7 ||    28
 Stab: Sleeping          |     1 |       ||     1
  Eat: Chunk             |     3 |     3 ||     6
Armor: Skin              |    31 |    16 ||    47
Dodge: Dodged            |    64 |    33 ||    97
